 Dungeon Crawl Stone Soup version 0.28.0 (webtiles) character file.

Game seed: 2724381893506420797

886 Hasart the Insei (level 8, -2/52 HPs)
             Began as an Octopode Transmuter on Feb 17, 2022.
             Slain by Pikel (17 damage)
             ... on level 5 of the Dungeon.
             The game lasted 00:10:15 (4246 turns).

Hasart the Insei (Octopode Transmuter)              Turns: 4246, Time: 00:10:16

Health: -2/52      AC:  1    Str:  9    XL:     8   Next: 5%
Magic:  13/13      EV: 14    Int: 17    God:
Gold:   169        SH:  0    Dex: 13    Spells: 3/13 levels left

rFire   . . .      SeeInvis .     - Unarmed
rCold   + . .      Faith    .   (no shield)
rNeg    + . .      Spirit   .   (helmet restricted)
rPois   .          Reflect  .   h - amulet of regeneration
rElec   .          Harm     .   g - ring of protection from cold
rCorr   .          Rampage  .   j - ring of positive energy
Will    .....                   (no ring)
Stlth   ++........              (no ring)
HPRegen 0.97/turn               (no ring)
MPRegen 0.13/turn               (no ring)
                                (no ring)
                                (no ring)

@: no status effects
A: almost no armour, amphibious, 8 rings, camouflage 1, gelatinous body 1,
(nimble swimmer 1), tentacles
a: no special abilities


You were on level 5 of the Dungeon.
You visited 2 branches of the dungeon, and saw 6 of its levels.

You collected 169 gold pieces.

Inventory:

Jewellery
 g - a ring of protection from cold (left tentacle)
 h - an amulet of regeneration (around mantle)
 j - a ring of positive energy (right tentacle)
Wands
 c - a wand of flame (18)
 m - a wand of acid (2)
Scrolls
 a - a scroll of holy word {unknown}
 d - 3 scrolls of identify {unknown}
 e - 2 scrolls of summoning {unknown}
 f - 2 scrolls of fear {unknown}
 i - a scroll of amnesia {unknown}
 p - 2 scrolls of enchant weapon {unknown}
 q - a scroll of immolation {unknown}
 s - a scroll of fog {unknown}
 v - a scroll of silence {unknown}
Potions
 b - 2 potions of flight
 k - a potion of berserk rage {unknown}
 l - a potion of brilliance {unknown}
 n - a potion of might {unknown}
 o - a potion of degeneration {unknown}
 r - a potion of lignification {unknown}
 t - a potion of curing
 u - a potion of heal wounds {unknown}


   Skills:
 + Level 3.0 Fighting
 + Level 3.5 Dodging
 * Level 5.4 Unarmed Combat
 + Level 3.4 Spellcasting
 + Level 3.5 Transmutations
 * Level 2.0 Ice Magic
 + Level 4.2 Poison Magic


You had 3 spell levels left.
You knew the following spells:

 Your Spells              Type           Power      Damage    Failure   Level
a - Beastly Appendage     Tmut           30%        N/A       3%          1
b - Wereblood             Tmut           15%        N/A       6%          2
c - Spider Form           Tmut/Pois      16%        N/A       10%         3
d - Ice Form              Ice/Tmut       12%        N/A       47%         4

Your spell library contained the following spells:

 Spells                   Type           Power      Damage    Failure   Level
 Ensorcelled Hibernation  Hex/Ice        12%        N/A       17%         2
 Static Discharge         Conj/Air       2%         N/A       26%         2
 Anguish                  Hex/Necr       1%         N/A       86%         4
 Flame Wave               Conj/Fire      2%         2d4       86%         4
 Lightning Bolt           Conj/Air       1%         1d12      99%         5
 Maxwell's Capacitive Co  Air            1%         ∞         100%        8
 Fire Storm               Conj/Fire      1%         7d1       100%        9
 Animate Armour           Summ/Erth      Unusable   N/A       N/A         4

Dungeon Overview and Level Annotations

Branches:
Dungeon (5/15)             Temple (1/1) D:5

Altars:
Ashenzari
Cheibriados
Dithmenos
Elyvilon
Fedhas
Hepliaklqana
Kikubaaqudgha
Makhleb
Nemelex Xobeh
Okawaru
Qazlal
Ru
Sif Muna
Trog
Wu Jian
Yredelemnul
The Shining One

Annotations:
D:5 Pikel


Innate Abilities, Weirdness & Mutations

You cannot wear most types of armour.
You are amphibious.
You can wear up to eight rings at the same time.
Your skin changes colour to match your surroundings (Stealth+).
Your rubbery body absorbs attacks. (AC +1, EV +1)
((You are camouflaged when in or above water. (Stealth+)))
You have tentacles for arms and can constrict up to eight enemies at once.


Message History

You closely miss the lemure.
The lemure is almost dead.
You kill the lemure!
That felt strangely unrewarding.
You barely miss Pikel.
Pikel hits you with a +2 whip of electrocution!
You closely miss Pikel.
Pikel hits you with a +2 whip of electrocution.
You are electrocuted!
You barely miss Pikel.
Pikel hits you with a +2 whip of electrocution!
You hit Pikel.
Pikel is poisoned.
Pikel is lightly wounded.
You hit Pikel.
Pikel is lightly wounded.
Pikel hits you with a +2 whip of electrocution!
* * * LOW HITPOINT WARNING * * *
You hit Pikel.
Pikel looks as sick as possible!
Pikel is lightly wounded.
Pikel hits you with a +2 whip of electrocution!
* * * LOW HITPOINT WARNING * * *
Unknown command.
Your transformation is almost over.
You hear the rapid hiss of an avalanche of sand very nearby.
You see here 3 poisoned darts.
You barely miss Pikel.
Pikel is severely wounded.
Pikel misses you.
Unknown command.
You closely miss Pikel.
Pikel is severely wounded.
Pikel barely misses you. The lemure completely misses you.
Unknown command.
You hit Pikel.
Pikel is severely wounded.
Your transformation has ended.
Pikel hits you with a +2 whip of electrocution.
* * * LOW HITPOINT WARNING * * *
You are electrocuted!
You die...

#.#..........# #####
#.#..........#
....#####.#.........<#
###.......#..........#
##.....)...........#
##.#######.........#
###.#.# #.........#
...###.. #####.....#
###.# ### #@....###
..# #K5..<..# #.#
#5....#.# .#
#.#####.....#.# #####
........#.### #
##...## #.........#
##⌠.<.⌠#########.###
#.......# #.#
..†.⌠.<.# #.#


You could see Pikel (very poisoned) and 2 lemures.

Vanquished Creatures
  Grinder (D:3)
  An ogre (D:5)
  A black bear (D:4)
  A lemure (D:5)
  A bullfrog (D:5)
  A gnoll sergeant (D:5)
  A jelly (D:5)
  A hound (D:5)
  A scorpion zombie (D:5)
  5 iguanas
  2 orc wizards (D:5)
  A hound zombie (D:5)
  A hound skeleton (D:5)
  4 adders
  3 gnolls (D:5)
  A worm (D:2)
  A dart slug (D:4)
  5 orcs
  2 ball pythons
  2 endoplasms (D:4)
  2 goblins
  2 hobgoblins
  2 jackals (D:3)
  4 kobolds
  5 quokkas
  4 bats
  2 frilled lizards
  8 rats
65 creatures vanquished.

Notes
Turn   | Place    | Note
-------+----------+-------------------------------------------
     0 | D:1      | Hasart the Octopode Transmuter began the quest for the Orb.
     0 | D:1      | Reached XP level 1. HP: 13/13 MP: 3/3
   214 | D:1      | Found a faded altar of an unknown god.
   682 | D:1      | Reached XP level 2. HP: 12/18 MP: 5/5
   780 | D:1      | Learned a level 2 spell: Wereblood
  1810 | D:3      | Reached XP level 3. HP: 22/23 MP: 6/6
  1855 | D:3      | Learned a level 3 spell: Spider Form
  1901 | D:3      | Got the Incunabulum of Burning Creation
  2040 | D:3      | Noticed Grinder
  2056 | D:3      | Paralysed by Grinder for 5 turns
  2067 | D:3      | Killed Grinder
  2068 | D:3      | Reached skill level 4 in Unarmed Combat
  2068 | D:3      | Reached XP level 4. HP: 11/29 MP: 5/8
  2068 | D:3      | Reached XP level 5. HP: 13/34 MP: 5/9
  2068 | D:3      | Reached XP level 6. HP: 15/39 MP: 5/10
  2363 | D:3      | Found a glowing golden altar of the Shining One.
  3014 | D:4      | Noticed a black bear
  3026 | D:4      | Killed a black bear
  3265 | D:4      | Reached XP level 7. HP: 32/45 MP: 11/11
  3527 | D:5      | Entered Level 5 of the Dungeon
  3549 | D:5      | Learned a level 4 spell: Ice Form
  3645 | D:5      | Found a staircase to the Ecumenical Temple.
  3654 | Temple   | Entered the Ecumenical Temple
  3768 | D:5      | Reached skill level 5 in Unarmed Combat
  3773 | D:5      | HP: 2/43 [gnoll (12)]
  3822 | D:5      | Reached skill level 1 in Ice Magic
  4058 | D:5      | Reached XP level 8. HP: 32/52 MP: 11/13
  4218 | D:5      | Noticed Pikel
  4246 | D:5      | Slain by Pikel

Illustrated notes

Levels and vault maps discovered:
D:1:      dpeg_arrival_oval, layout_basic, chequers_ecumenical_altar_island
D:2:      layout_loops_corners
D:3:      layout_basic, mainiacjoe_overflow_chevrons, uniq_grinder
D:4:      layout_loops_ring
D:5:      layout_loops_ring, lemuel_tele_altar, minmay_temple_entry_ruins,
          enter_ossuary_3, minmay_misc_feat_rugged, grunt_ministairs_7,
          uniq_pikel
Temple:   nicolae_temple_elliptical

Skill      XL: |  1  2  3  4  5  6  7  8 |
---------------+-------------------------+-----
Fighting       | 2 3 |  3.0
Unarmed Combat | 4 5 |  5.4
Poison Magic   | 2 3 4 |  4.2
Transmutations | 3 |  3.5
Dodging        | 3 |  3.5
Spellcasting   | 3 |  3.4
Ice Magic      | 1 2 |  2.0

Action                   |  1- 3 |  4- 6 |  7- 9 || total
-------------------------+-------+-------+-------++-------
Melee: Unarmed           |    78 |    40 |    99 ||   217
       Constrict         |    23 |     7 |    10 ||    40
       Tentacles         |    10 |    11 |    11 ||    32
       Punch             |     3 |     1 |     5 ||     9
       Kick              |     2 |       |       ||     2
 Cast: Beastly Appendage |     1 |       |       ||     1
       Spider Form       |     1 |     2 |     4 ||     7
       Wereblood         |     1 |       |     3 ||     4
  Use: Potion            |     2 |       |       ||     2
 Stab: Sleeping          |     5 |     1 |     2 ||     8
Armor: Skin              |     4 |     2 |       ||     6
Dodge: Dodged            |    36 |    18 |    81 ||   135
